 Dungeon Crawl Stone Soup version 0.31-a0-459-gc8a9bf3d51 (webtiles) character file.

Game seed: 11487760670723957556

11 Ethylacetat the Insei (level 2, -1/1 HPs)
             Began as a Vine Stalker Monk on Aug 4, 2023.
             Slain by a goblin
             ... wielding a +0 dagger
              (2 damage)
             ... on level 1 of the Dungeon.
             The game lasted 00:00:53 (435 turns).

Ethylacetat the Insei (Vine Stalker Monk)            Turns: 435, Time: 00:00:54

Health: -1/1       AC:  9    Str: 18    XL:     2   Next: 25%
Magic:  0/4        EV: 10    Int: 10    God:
Gold:   26         SH:  0    Dex: 16    Spells: 2/2 levels left

rFire   . .          .
                       - Unarmed
rCold   . . .        c - melded orb {light}
rNeg    . . .        a - melded +0 robe
rPois   .            (helmet currently unavailable)
rElec   .            (cloak currently unavailable)
rCorr   .            (gloves currently unavailable)
SInv    .            (boots currently unavailable)
Will    .....        (no amulet)
Stlth   +            (no ring)
HPRegen 0.20/turn    (no ring)
MPRegen 0.09/turn

%: guardian spirit
@: snake-form
A: constrict, reduced hp, large, (fangs 2), magic shield, (antimagic bite), no
potion heal 2
a: Begin Untransformation


You were on level 1 of the Dungeon.
You were an enormous anaconda.
You visited 1 branch of the dungeon, and saw 1 of its levels.

You collected 26 gold pieces.

Inventory:

Armour
 a - a +0 robe (melded)
 c - an orb of light (melded)
Talismans
 f - a serpent talisman (active)
Scrolls
 d - 3 scrolls of identify {unknown}
 e - a scroll of teleportation {unknown}
Potions
 b - a potion of ambrosia


   Skills:
 + Level 2.8 Fighting
 - Level 2.4 Dodging
 - Level 3.3 Unarmed Combat
 + Level 0.6 Spellcasting
 * Level 0.0 Shapeshifting


You had 2 spell levels left.
You didn't know any spells.
Your spell library was empty.

Dungeon Overview and Level Annotations

Branches:
Dungeon (1/15)

Altars:


Innate Abilities, Weirdness & Mutations

You are an enormous anaconda.
You have a powerful constriction melee attack.
Your maximum health is decreased, since you lack skill for your form.
Your armour is entirely melded.
You are incapable of wielding weapons or throwing items.
((You have extremely sharp teeth.))
When hurt, damage is shared between your health and your magic reserves.
((Your bite disrupts and absorbs the magic of your enemies.))
Potions cannot restore your health.


Message History

You see here a +0 short sword.
e - a scroll labelled EWNANYSOKU No target in view!
Key pressed, stopping explore.
No target in view!
You see here a serpent talisman.
f - a serpent talisman You begin transforming.
You continue transforming. x3
You turn into an enormous anaconda.
Your orb of light melds into your body.
Your +0 robe melds into your body.
Found a stone staircase leading down.
Found a knobbly runed staff and a scroll labelled BIOSUY VOTIG.
You see here a staff of earth.
d - 3 scrolls labelled BIOSUY VOTIG (gained 1)
You see here a staff of earth.
Found a scroll labelled ZELEDE BYOGIMOTO.
Found a black potion.
A rat comes into view.
A goblin comes into view. It is wielding a +0 dagger.
Found 6 gold pieces.
The goblin shouts!
A dart slug comes into view.
The rat bites you but does no damage.
You see here a scroll labelled ZELEDE BYOGIMOTO.
The rat bites you but does no damage. The dart slug launches a dart at you.
The slug dart hits you. The rat bites you.
You see here a scroll labelled ZELEDE BYOGIMOTO.
The rat barely misses you. The rat attacks as you move away!
The rat bites you but does no damage. The dart slug launches a dart at you.
The slug dart hits you but does no damage.
You hit the rat.
You kill the rat!
You closely miss the goblin. Your grab misses the goblin.
The goblin closely misses you.
You barely miss the goblin. You grab the goblin. You constrict the goblin.
The goblin hits you with a +0 dagger.
Ouch! That really hurt!
You die...

##### ...# ###
############.###########..
.......?gS............>#..
.....w..#####.######|#.#..
......... ..... #.#.#..
...!...$.........# #.#.#..
.................# #.#.#..
#####............# #.#.#..
#............# #.#.###
#............# #.....#
###.#.#


You could see a dart slug and a goblin.

Vanquished Creatures
  A dart slug (D:1)
  A ball python (D:1)
  A hobgoblin (D:1)
  3 jackals (D:1)
  A bat (D:1)
  A rat (D:1)
8 creatures vanquished.

Notes
Turn   | Place    | Note
-------+----------+-------------------------------------------
     0 | D:1      | Ethylacetat the Vine Stalker Monk began the quest for the
                  | Orb.
     0 | D:1      | Reached XP level 1. HP: 11/11 MP: 2/2
   164 | D:1      | Reached XP level 2. HP: 16/16 MP: 3/3
   435 | D:1      | Slain by a goblin

Illustrated notes

Levels and vault maps discovered:
D:1:      onia_arrival_mini_maze_b, layout_basic

Action                     || total
---------------------------++-------
  Melee: Unarmed           ||    19
         Bite              ||     6
         Constrict         ||     1
 Armour: Skin              ||     4
         Robe              ||     1
  Dodge: Dodged            ||    17
   Form: Anaconda          ||     1

Table legend: (Time is in decaauts)
 A = Elapsed time spent in this place.
 B = Non-inter-level travel time spent in this place.
 C = Inter-level travel time spent in this place.
 D = Time resting spent in this place.
 E = Time spent auto-exploring this place.
 F = Levels seen in this place.
 G = Mean time per level.
                   A        B        C        D        E       F      G
               +--------+--------+--------+--------+--------+-----+--------+
         Total |    433 |    433 |      0 |      0 |    354 |   1 |  433.0 |
       Dungeon |    433 |    433 |      0 |      0 |    354 |   1 |  433.0 |
               +--------+--------+--------+--------+--------+-----+--------+

Top non-repeatable levels by time:
     D:1: 433 daAuts
